 Dungeon Crawl Stone Soup version 0.28.0-53-g5a82cb258f (webtiles) character file.

Game seed: 5268566773207334094

59 DocClef the Poker (level 4, 0/33 HPs)
             Began as a Merfolk Gladiator on June 30, 2022.
             Slain by an adder (4 damage)
             ... on level 3 of the Dungeon.
             The game lasted 00:01:01 (1708 turns).

DocClef the Poker (Merfolk Gladiator)               Turns: 1708, Time: 00:01:03

Health: 0/33       AC:  4    Str: 16    XL:     4   Next: 3%
Magic:  4/4        EV: 13    Int:  7    God:
Gold:   30         SH:  0    Dex: 15    Spells: 3/3 levels left

rFire   . . .      SeeInvis .   a - +0 trident
rCold   . . .      Faith    .   (no shield)
rNeg    . . .      Spirit   .   b - +0 leather armour
rPois   .          Reflect  .   c - +0 helmet
rElec   .          Harm     .   (no cloak)
rCorr   .          Rampage  .   (no gloves)
Will    .....                   (no boots)
Stlth   +.........              (no amulet)
HPRegen 0.11/turn               (no ring)
MPRegen 0.09/turn               (no ring)

@: no status effects
A: (nimble swimmer 2), mertail
a: no special abilities


You were on level 3 of the Dungeon.
You visited 1 branch of the dungeon, and saw 3 of its levels.

You collected 30 gold pieces.

Inventory:

Hand Weapons
 a - a +0 trident (weapon)
Missiles
 d - 3 throwing nets (quivered)
Armour
 b - a +0 leather armour (worn)
 c - a +0 helmet (worn)
Scrolls
 e - 2 scrolls of identify {unknown}
 f - a scroll of acquirement {unknown}
 i - a scroll of amnesia {unknown}
 k - a scroll of fog {unknown}
Potions
 g - a potion of berserk rage {unknown}
 h - a potion of curing {unknown}
 j - a potion of might {unknown}


   Skills:
 - Level 2.1 Fighting
 + Level 7.0 Polearms
 - Level 2.0 Throwing
 - Level 4.0 Dodging


You had 3 spell levels left.
You didn't know any spells.
Your spell library was empty.

Dungeon Overview and Level Annotations

Branches:
Dungeon (3/15)

Altars:


Innate Abilities, Weirdness & Mutations

((You are very nimble when in or above water. (Stealth+, EV+, Speed+++)))
Your lower body shifts to a powerful aquatic tail in water.


Message History

You are too injured to fight recklessly!
You are too injured to fight recklessly!
You are too injured to fight recklessly!
You are too injured to fight recklessly!
You are too injured to fight recklessly!
You are too injured to fight recklessly!
You are too injured to fight recklessly!
You are too injured to fight recklessly!
You are too injured to fight recklessly!
You are too injured to fight recklessly!
You are too injured to fight recklessly!
You are too injured to fight recklessly!
Unknown command.
You hit the gnoll but do no damage.
The gnoll is severely wounded.
The gnoll hits you from afar with a +0 spear.
* * * LOW HITPOINT WARNING * * *
You hit the gnoll. You punch the gnoll.
You kill the gnoll!
The gnoll closely misses you.
Your Polearms skill increases to level 7!
You have reached level 4!
There is a stone staircase leading down here.
The gnoll barely misses you.
You climb downwards.
The adder hisses angrily.
There is a stone staircase leading up here.
A gnoll comes into view. It is wielding a +0 halberd.
Found a scroll labelled INIMINOADE.
The gnoll shouts!
You hear a shout!
A gnoll comes into view. It is wielding a +2 flail of draining.
A gnoll comes into view. It is wielding a +0 flail.
A gnoll comes into view. It is wielding a +0 spear.
The adder misses you.
You puncture the adder!
The adder is almost dead.
The adder bites you.
* * * LOW HITPOINT WARNING * * *
The adder bites you.
You die... #.## ... gg#

###.#
#...#
#g# #.#
##.#
#@S#
#W## ..#
...#
....#
......
......#
.......#


You could see a phantom, a gnoll and an adder.

Vanquished Creatures
  A gnoll (D:2)
  2 adders (D:2)
  A dart slug (D:1)
  2 ball pythons (D:2)
  2 endoplasms (D:1)
  4 hobgoblins
  2 quokkas
  6 bats (D:1)
  A frilled lizard (D:1)
  6 kobolds (D:1)
  3 rats (D:1)
30 creatures vanquished.

Notes
Turn   | Place    | Note
-------+----------+-------------------------------------------
     0 | D:1      | DocClef the Merfolk Gladiator began the quest for the Orb.
     0 | D:1      | Reached XP level 1. HP: 16/16 MP: 1/1
   121 | D:1      | Reached skill level 5 in Polearms
   204 | D:1      | Reached XP level 2. HP: 22/22 MP: 2/2
   820 | D:1      | Reached skill level 6 in Polearms
   820 | D:1      | Reached XP level 3. HP: 27/27 MP: 3/3
  1013 | D:1      | Found a faded altar of an unknown god.
  1695 | D:2      | Reached skill level 7 in Polearms
  1695 | D:2      | Reached XP level 4. HP: 7/33 MP: 4/4
  1701 | D:3      | Noticed a phantom
  1708 | D:3      | Slain by an adder

Illustrated notes

Levels and vault maps discovered:
D:1:      minmay_arrival_split_and_join, layout_basic,
          chequers_ecumenical_altar_grove, interstate_on_off,
          minmay_misc_feat_pillars, minmay_crystal_water, minmay_misc_feat_cross
D:2:      layout_loops_ring, chequers_avenue, minmay_fractal_squares_gapless_5
D:3:      layout_rooms, serial_rivers, chequers_serial_rivers_room_a,
          chequers_serial_rivers_small_b, chequers_serial_rivers_small_a,
          chequers_serial_rivers_small_a, chequers_serial_rivers_micro_d,
          chequers_serial_rivers_micro_a

Skill      XL: |  1  2  3 |
---------------+----------+-----
Polearms       | 5 6 7 |  7.0
Fighting       | |  2.1
Throwing       | |  2.0
Dodging        | |  4.0

Action                   |  1- 3 |  4- 6 || total
-------------------------+-------+-------++-------
Melee: Trident           |    91 |     1 ||    92
       Punch             |     1 |       ||     1
 Stab: Sleeping          |     1 |       ||     1
Armor: Leather armour    |    18 |       ||    18
Dodge: Dodged            |    47 |     2 ||    49
